TOP OF THE 1ST |
Moose Jaw Ghostbusters batting - Pitching for San Diego Smashers : RHP Rick McKnight
|
Pitching: RHP Rick McKnight
|
|
Batting: SHB Lonnie Washington
|
0-0: Called Strike 0-1: Called Strike 0-2: Strikes out swinging
|
Batting: RHB Edmund Kline
|
0-0: Ball 1-0: Swinging Strike 1-1: Called Strike 1-2: SINGLE (Groundball, 56D)
|
Batting: SHB Rafael Acosta
|
0-0: Called Strike 0-1: Fly out, F7 (Flyball, 78M)
|
Batting: LHB Bill O'Higgins
|
0-0: Swinging Strike 0-1: Foul Ball, location: 2F 0-2: Ball 1-2: Strikes out swinging
|
Top of the 1st over - 0 runs, 1 hit, 0 errors, 1 left on base; Moose Jaw 0 - San Diego 0 |
BOTTOM OF THE 1ST |
San Diego Smashers batting - Pitching for Moose Jaw Ghostbusters : RHP A.J. Wellman
|
Pitching: RHP A.J. Wellman
|
|
Batting: RHB Gerald Davis
|
0-0: Ball 1-0: Ball 2-0: Ball 3-0: Called Strike 3-1: SINGLE (Groundball, 6M) (infield hit)
|
Batting: LHB Richard Brooks
|
0-0: Fielders Choice at 2nd, 4-6 (Groundball, 34D)
|
Batting: LHB Steven Smith
|
0-0: Ball 1-0: Ball Richard Brooks is caught stealing 2nd base 2-0: Swinging Strike 2-1: Ball 3-1: SOLO HOME RUN (Flyball, 9LD), Distance : 372 ft
|
Batting: LHB Jon Rogers
|
0-0: Called Strike 0-1: Ground out 6-3 (Groundball, 6)
|
Bottom of the 1st over - 1 run, 2 hits, 0 errors, 0 left on base; Moose Jaw 0 - San Diego 1 |
TOP OF THE 2ND |
Moose Jaw Ghostbusters batting - Pitching for San Diego Smashers : RHP Rick McKnight
|
Batting: LHB Tony Beck
|
0-0: Called Strike 0-1: Ball 1-1: Ball 2-1: Foul Ball, location: 2F 2-2: Fly out, F9 (Flyball, 9S)
|
Batting: RHB Scott McGuire
|
0-0: Ball 1-0: Called Strike 1-1: Called Strike 1-2: Fly out, F8 (Flyball, 8RM)
|
Batting: LHB Bernard Lane
|
0-0: Ball 1-0: Swinging Strike 1-1: Fly out, F5 (Popup, 5S)
|
Top of the 2nd over - 0 runs, 0 hits, 0 errors, 0 left on base; Moose Jaw 0 - San Diego 1 |
BOTTOM OF THE 2ND |
San Diego Smashers batting - Pitching for Moose Jaw Ghostbusters : RHP A.J. Wellman
|
Batting: RHB Ray Rogers
|
0-0: Ball 1-0: Fly out, F7 (Flyball, 78D)
|
Batting: LHB Nick Hill
|
0-0: Ball 1-0: Called Strike 1-1: Fly out, F5 (Popup, 5SF)
|
Batting: RHB Ramón Ramírez
|
0-0: Called Strike 0-1: Ball 1-1: Swinging Strike 1-2: Ball 2-2: Ball 3-2: Base on Balls
|
Batting: LHB Ryan Rheaume
|
0-0: Called Strike 0-1: Called Strike 0-2: Ball 1-2: Ball Ramón Ramírez steals 2nd base 2-2: Fly out, F6 (Popup, 56)
|
Bottom of the 2nd over - 0 runs, 0 hits, 0 errors, 1 left on base; Moose Jaw 0 - San Diego 1 |
TOP OF THE 3RD |
Moose Jaw Ghostbusters batting - Pitching for San Diego Smashers : RHP Rick McKnight
|
Batting: RHB Preston Manning
|
0-0: Ball 1-0: Ground out 6-3 (Groundball, 6)
|
Batting: RHB Russ Long
|
0-0: SINGLE (Groundball, 4MD)
|
Batting: SHB Lonnie Washington
|
0-0: Ball 1-0: Ball 2-0: Swinging Strike 2-1: Ball 3-1: Fielders Choice at 2nd, 5-4 (Groundball, 5L)
|
Batting: RHB Edmund Kline
|
0-0: Ball 1-0: Foul Ball, location: 2F 1-1: Ball 2-1: Foul Ball, location: 2F 2-2: Strikes out swinging
|
Top of the 3rd over - 0 runs, 1 hit, 0 errors, 1 left on base; Moose Jaw 0 - San Diego 1 |
BOTTOM OF THE 3RD |
San Diego Smashers batting - Pitching for Moose Jaw Ghostbusters : RHP A.J. Wellman
|
Batting: RHB Preston Wooten
|
0-0: Ball 1-0: Called Strike 1-1: SINGLE (Line Drive, 78S)
|
Batting: RHB Gerald Davis
|
0-0: Ball 1-0: Ball 2-0: Called Strike 2-1: Swinging Strike 2-2: Ball 3-2: Foul Ball, location: 2F 3-2: Fly out, F8 (Flyball, 8LM)
|
Batting: LHB Richard Brooks
|
0-0: Called Strike 0-1: Ball 1-1: Foul Ball, location: 2F 1-2: Fly out, F6 (Popup, 6MD)
|
Batting: LHB Steven Smith
|
0-0: Ball Preston Wooten steals 2nd base 1-0: Ball 2-0: Ball 3-0: Called Strike 3-1: Base on Balls
|
Batting: LHB Jon Rogers
|
0-0: Called Strike 0-1: Ball 1-1: Foul Ball, location: 2F 1-2: Ground out 6-3 (Groundball, 6M)
|
Bottom of the 3rd over - 0 runs, 1 hit, 0 errors, 2 left on base; Moose Jaw 0 - San Diego 1 |
TOP OF THE 4TH |
Moose Jaw Ghostbusters batting - Pitching for San Diego Smashers : RHP Rick McKnight
|
Batting: SHB Rafael Acosta
|
0-0: Called Strike 0-1: Ball 1-1: Ball 2-1: Fly out, F6 (Popup, 6M)
|
Batting: LHB Bill O'Higgins
|
0-0: Fly out, F9 (Flyball, 9)
|
Batting: LHB Tony Beck
|
0-0: Called Strike 0-1: Fly out, F7 (Flyball, 7LMF)
|
Top of the 4th over - 0 runs, 0 hits, 0 errors, 0 left on base; Moose Jaw 0 - San Diego 1 |
BOTTOM OF THE 4TH |
San Diego Smashers batting - Pitching for Moose Jaw Ghostbusters : RHP A.J. Wellman
|
Batting: RHB Ray Rogers
|
0-0: Ball 1-0: Ball 2-0: Called Strike 2-1: Ground out 5-3 (Groundball, 56)
|
Batting: LHB Nick Hill
|
0-0: Called Strike 0-1: Ball 1-1: Foul Ball, location: 2F 1-2: Ground out 6-3 (Groundball, 6S)
|
Batting: RHB Ramón Ramírez
|
0-0: Ball 1-0: Ball 2-0: Called Strike 2-1: DOUBLE (Line Drive, 7LM)
|
Batting: LHB Ryan Rheaume
|
0-0: Ball 1-0: Called Strike 1-1: Ball 2-1: Swinging Strike 2-2: Strikes out swinging
|
Bottom of the 4th over - 0 runs, 1 hit, 0 errors, 1 left on base; Moose Jaw 0 - San Diego 1 |
TOP OF THE 5TH |
Moose Jaw Ghostbusters batting - Pitching for San Diego Smashers : RHP Rick McKnight
|
Batting: RHB Scott McGuire
|
0-0: Called Strike 0-1: Foul Ball, location: 2F 0-2: Ball 1-2: Ball 2-2: Ball 3-2: Base on Balls
|
Batting: LHB Bernard Lane
|
0-0: Ball 1-0: Ball 2-0: Swinging Strike 2-1: Fielders Choice at 2nd, 3-6 (Groundball, 3)
|
Batting: RHB Preston Manning
|
0-0: Fly out, F8 (Line Drive, 8LD)
|
Batting: RHB Russ Long
|
0-0: Ball 1-0: Foul Ball, location: 2F 1-1: Ball 2-1: Ball 3-1: Fly out, F8 (Flyball, 89D)
|
Top of the 5th over - 0 runs, 0 hits, 0 errors, 1 left on base; Moose Jaw 0 - San Diego 1 |
BOTTOM OF THE 5TH |
San Diego Smashers batting - Pitching for Moose Jaw Ghostbusters : RHP A.J. Wellman
|
Batting: RHB Preston Wooten
|
0-0: SINGLE (Groundball, 56D)
|
Batting: RHB Gerald Davis
|
0-0: Ball 1-0: Foul Ball, location: 2F 1-1: Foul Ball, location: 2F 1-2: Foul Ball, location: 2F 1-2: Fielders Choice at 2nd, 1-6 (Groundball, P)
|
Batting: LHB Richard Brooks
|
0-0: Ball 1-0: Ball 2-0: Ball 3-0: Base on Balls Gerald Davis to second
|
Batting: LHB Steven Smith
|
0-0: Grounds into double play, 6-4-3 (Groundball, 6M)
|
Bottom of the 5th over - 0 runs, 1 hit, 0 errors, 1 left on base; Moose Jaw 0 - San Diego 1 |
TOP OF THE 6TH |
Moose Jaw Ghostbusters batting - Pitching for San Diego Smashers : RHP Rick McKnight
|
Batting: SHB Lonnie Washington
|
0-0: Foul Ball, location: 2F 0-1: Reached via error on a dropped throw, E3
|
Batting: RHB Edmund Kline
|
0-0: Grounds into double play, 6-4-3 (Groundball, 6)
|
Batting: SHB Rafael Acosta
|
0-0: Fly out, F7 (Flyball, 7)
|
Top of the 6th over - 0 runs, 0 hits, 1 error, 0 left on base; Moose Jaw 0 - San Diego 1 |
BOTTOM OF THE 6TH |
San Diego Smashers batting - Pitching for Moose Jaw Ghostbusters : RHP A.J. Wellman
|
Batting: LHB Jon Rogers
|
0-0: Called Strike 0-1: Foul Ball, location: 2F 0-2: Ball 1-2: Foul Ball, location: 2F 1-2: Strikes out swinging
|
Batting: RHB Ray Rogers
|
0-0: Ball 1-0: Called Strike 1-1: Ball 2-1: Ball 3-1: Base on Balls
|
Batting: LHB Nick Hill
|
0-0: Ball 1-0: Grounds into double play, 6-4-3 (Groundball, 6)
|
Bottom of the 6th over - 0 runs, 0 hits, 0 errors, 0 left on base; Moose Jaw 0 - San Diego 1 |
TOP OF THE 7TH |
Moose Jaw Ghostbusters batting - Pitching for San Diego Smashers : RHP Rick McKnight
|
Batting: LHB Bill O'Higgins
|
0-0: Called Strike 0-1: Foul Ball, location: 2F 0-2: Strikes out swinging
|
Batting: LHB Tony Beck
|
0-0: Foul Ball, location: 2F 0-1: Called Strike 0-2: Ball 1-2: Ball 2-2: Fly out, F8 (Line Drive, 8LM)
|
Batting: RHB Scott McGuire
|
0-0: Fly out, F9 (Flyball, 9LMF)
|
Top of the 7th over - 0 runs, 0 hits, 0 errors, 0 left on base; Moose Jaw 0 - San Diego 1 |
BOTTOM OF THE 7TH |
San Diego Smashers batting - Pitching for Moose Jaw Ghostbusters : RHP A.J. Wellman
|
Batting: RHB Ramón Ramírez
|
0-0: Ground out 5-3 (Groundball, 56)
|
Batting: LHB Ryan Rheaume
|
0-0: Fly out, F7 (Flyball, 7)
|
Batting: RHB Preston Wooten
|
0-0: Called Strike 0-1: Ground out 6-3 (Groundball, 6)
|
Bottom of the 7th over - 0 runs, 0 hits, 0 errors, 0 left on base; Moose Jaw 0 - San Diego 1 |
TOP OF THE 8TH |
Moose Jaw Ghostbusters batting - Pitching for San Diego Smashers : RHP Rick McKnight
|
Batting: LHB Bernard Lane
|
0-0: Called Strike 0-1: Swinging Strike 0-2: Ball 1-2: Ball 2-2: Ball 3-2: Ground out 6-3 (Groundball, 6)
|
Batting: RHB Preston Manning
|
0-0: Called Strike 0-1: Ball 1-1: Ground out 5-3 (Groundball, 5)
|
Batting: RHB Russ Long
|
0-0: Fly out, F7 (Flyball, 78D)
|
Top of the 8th over - 0 runs, 0 hits, 0 errors, 0 left on base; Moose Jaw 0 - San Diego 1 |
BOTTOM OF THE 8TH |
San Diego Smashers batting - Pitching for Moose Jaw Ghostbusters : RHP A.J. Wellman
|
Batting: RHB Gerald Davis
|
0-0: SINGLE (Line Drive, 6M)
|
Pitching: RHP José Orozco
|
|
Batting: LHB Richard Brooks
|
0-0: Called Strike 0-1: Ball 1-1: Foul Ball, location: 2F 1-2: Strikes out swinging
|
Pitching: LHP Teuk-chin Kim
|
|
Pinch Hitting: RHB Jake Lawrence
|
0-0: Ball Gerald Davis is caught stealing 2nd base 1-0: Foul Ball, location: 2F 1-1: Swinging Strike 1-2: Ball 2-2: Strikes out swinging
|
Bottom of the 8th over - 0 runs, 1 hit, 0 errors, 0 left on base; Moose Jaw 0 - San Diego 1 |
TOP OF THE 9TH |
Moose Jaw Ghostbusters batting - Pitching for San Diego Smashers : RHP Rick McKnight
|
Now in LF: Jake Lawrence
|
|
Batting: SHB Lonnie Washington
|
0-0: Called Strike 0-1: Ball 1-1: Foul Ball, location: 2F 1-2: Fly out, F7 (Flyball, 78D)
|
Pinch Hitting: RHB Bob Cole
|
0-0: Ground out 1-3 (Groundball, 13)
|
Batting: SHB Rafael Acosta
|
0-0: Swinging Strike 0-1: Called Strike 0-2: Ball 1-2: Ball 2-2: Ball 3-2: Strikes out looking
|
Top of the 9th over - 0 runs, 0 hits, 0 errors, 0 left on base; Moose Jaw 0 - San Diego 1 |
|